 Dungeon Crawl Stone Soup version 0.31-a0-859-g9dce7d3444 (webtiles) character file.

Game seed: 8954861171173389177

485 Darius099 the Cleaver (level 6, -9/51 HPs)
             Began as a Minotaur Fighter on Oct 10, 2023.
             Was an Initiate of Okawaru.
             Mangled by an ogre
             ... wielding a +0 giant spiked club
              (28 damage)
             ... on level 5 of the Dungeon.
             The game lasted 00:07:33 (2383 turns).

Darius099 the Cleaver (Minotaur Fighter)            Turns: 2383, Time: 00:07:33

Health: -9/51      AC: 15    Str: 22    XL:     6   Next: 88%
Magic:  5/5        EV:  5    Int:  5    God:    Okawaru [......]
Gold:   144        SH:  9    Dex: 16    Spells: 5/5 levels left

rFire   . . .        a - +0 war axe
rCold   . . .        q - +0 kite shield
rNeg    . . .        j - +0 plate armour
rPois   .            (helmet restricted)
rElec   .            (no cloak)
rCorr   .            (no gloves)
SInv    .            (no boots)
Will    .....        (no amulet) Stlth
                     g - +4 ring of protection
HPRegen 0.28/turn    r - +6 ring of dexterity
MPRegen 0.09/turn

%: no passive effects
@: no status effects
A: horns 2, retaliatory headbutt
a: Renounce Religion


You were on level 5 of the Dungeon.
You worshipped Okawaru.
Okawaru was noncommittal.
You visited 1 branch of the dungeon, and saw 5 of its levels.

You collected 144 gold pieces.

Inventory:

Hand Weapons
 a - a +0 war axe (weapon)
Missiles
 p - 22 poisoned darts
Armour
 j - a +0 plate armour (worn)
 q - a +0 kite shield (worn)
Jewellery
 g - a +4 ring of protection (left hand)
 r - a +6 ring of dexterity (right hand)
 x - a ring of willpower
Scrolls
 e - 2 scrolls of teleportation {unknown}
 f - a scroll of enchant weapon {unknown}
 i - 2 scrolls of fog {unknown}
 l - a scroll of noise {unknown}
 n - 7 scrolls of identify {unknown}
 s - a scroll of fear {unknown}
 t - a scroll of revelation {unknown}
 v - a scroll of amnesia {unknown}
 y - a scroll of blinking {unknown}
Potions
 b - a potion of berserk rage {unknown}
 c - a potion of resistance {unknown}
 d - a potion of might
 h - a potion of ambrosia {unknown}
 k - 3 potions of degeneration {unknown}
 m - a potion of curing {unknown}
 o - a potion of heal wounds {unknown}
 u - a potion of brilliance {unknown}
 w - a potion of haste {unknown}


   Skills:
 - Level 3.6 Fighting
 + Level 9.0 Axes
 - Level 3.6 Armour
 - Level 3.6 Shields


You had 5 spell levels left.
You didn't know any spells.
Your spell library was empty.

Dungeon Overview and Level Annotations

Branches:
Dungeon (5/15)
 Temple: D:4-7

Altars:
Hepliaklqana
Okawaru
Sif Muna
Trog
Xom
Yredelemnul


Innate Abilities, Weirdness & Mutations

You have a pair of horns on your head.
You reflexively headbutt those who attack you in melee.


Message History

You slash the wyvern!
You kill the wyvern!
Okawaru is honoured by your kill.
Your Axes skill increases to level 8!
You see here a wyvern corpse.
You start resting.
HP restored.
There is a stone staircase leading up here.
Found a hand axe.
Found a stone staircase leading up.
x - a ring of willpower A jelly comes into view.
The jelly quivers.
The jelly barely misses you. You furiously retaliate!
You headbutt the jelly. You slash the jelly!
Your hands burn!
The jelly is almost dead.
You block the jelly's attack.
You hit the jelly.
You kill the jelly!
Okawaru accepts your kill.
Your Axes skill increases to level 9!
Found a scroll labelled HAHOMEIJEY.
You now have 144 gold pieces (gained 11).
y - a scroll labelled HAHOMEIJEY An ogre comes into view.
It is wielding a +0 giant spiked club.
Found a stone staircase leading down.
The ogre hits you with a +0 giant spiked club!
You completely miss the ogre. The ogre barely misses you.
You barely miss the ogre. You slash the ogre!
The ogre is moderately wounded.
The ogre hits you with a +0 giant spiked club!!
You are too injured to fight recklessly!
You are too injured to fight recklessly!
You are too injured to fight recklessly!
You hit the ogre. You headbutt the ogre.
The ogre is heavily wounded.
The ogre hits you with a +0 giant spiked club!!
Ouch! That really hurt!
You die...

##..................#
##.................#
####....#.###.....#
#########..#....###.....#
.....<........####.)....#
#####..........###.######
#..###.###......# #..#
##.####..#### ...#
#O@.......# #..#
#.....###.#.#
#......##.## #.#...
#......#..# #.##### ...
>..## #.# .. ...# #.# #
#... #.# .... #.#


You could see an ogre.

Vanquished Creatures
  A wyvern (D:5)
  4 crimson imps (D:3)
  A jelly (D:5)
  An iguana (D:4)
  6 adders
  A white imp (D:3)
  2 worms (D:2)
  4 dart slugs
  4 orcs (D:4)
  8 ball pythons
  6 bats
  5 endoplasms
  3 giant cockroaches
  6 goblins
  4 hobgoblins (D:4)
  6 kobolds
  4 quokkas
  A frilled lizard (D:1)
  5 rats
72 creatures vanquished.

Notes
Turn   | Place    | Note
-------+----------+-------------------------------------------
     0 | D:1      | Darius099 the Minotaur Fighter began the quest for the Orb.
     0 | D:1      | Reached XP level 1. HP: 19/19 MP: 0/0
    63 | D:1      | Reached skill level 3 in Axes
    98 | D:1      | Reached XP level 2. HP: 26/26 MP: 1/1
   485 | D:1      | Reached skill level 4 in Axes
   768 | D:2      | Reached XP level 3. HP: 31/31 MP: 2/2
  1056 | D:2      | Reached skill level 5 in Axes
  1128 | D:2      | Found a basalt altar of Yredelemnul.
  1177 | D:3      | Reached XP level 4. HP: 36/39 MP: 3/3
  1279 | D:3      | Found a shimmering blue altar of Sif Muna.
  1290 | D:3      | Found a hazy altar of Hepliaklqana.
  1305 | D:3      | Found a bloodstained altar of Trog.
  1442 | D:3      | Found a shimmering altar of Xom.
  1456 | D:3      | Reached skill level 6 in Axes
  1457 | D:3      | Reached XP level 5. HP: 45/45 MP: 4/4
  1460 | D:3      | Reached skill level 7 in Axes
  1656 | D:4      | Reached XP level 6. HP: 50/51 MP: 5/5
  1776 | D:4      | Found an iron altar of Okawaru.
  1797 | D:4      | Became a worshipper of Warmaster Okawaru
  2182 | D:5      | Entered Level 5 of the Dungeon
  2182 | D:5      | Noticed a wyvern
  2192 | D:5      | Killed a wyvern
  2193 | D:5      | Reached skill level 8 in Axes
  2338 | D:5      | Reached skill level 9 in Axes
  2383 | D:5      | Mangled by an ogre

Illustrated notes

Levels and vault maps discovered:
D:1:      minmay_arrival_doors, layout_basic
D:2:      layout_rooms, basic_altar, minmay_domino_2
D:3:      layout_basic, led_xom_imps, gammafunk_temple_overflow_forgotten
D:4:      layout_loops_ring, okawaru_altar_gauntlet_db, fountainhead
D:5:      layout_rooms, minmay_overflow_temple_star_quad,
          kennysheep_generic_room_9

Skill      XL: |  1  2  3  4  5  6 |
---------------+-------------------+-----
Axes           | 3 4 5 6 7 9 |  9.0
Fighting       | |  3.6
Armour         | |  3.6
Shields        | |  3.6

Action                     |  1- 3 |  4- 6 || total
---------------------------+-------+-------++-------
  Melee: War axe           |    72 |    90 ||   162
         Headbutt          |    10 |    13 ||    23
 Armour: Scale mail        |    19 |       ||    19
         Plate armour      |    53 |    60 ||   113
  Dodge: Dodged            |    22 |    19 ||    41
  Block: Buckler           |    16 |       ||    16
         Kite shield       |       |    41 ||    41

Table legend: (Time is in decaauts)
 A = Elapsed time spent in this place.
 B = Non-inter-level travel time spent in this place.
 C = Inter-level travel time spent in this place.
 D = Time resting spent in this place.
 E = Time spent auto-exploring this place.
 F = Levels seen in this place.
 G = Mean time per level.
                   A        B        C        D        E       F      G
               +--------+--------+--------+--------+--------+-----+--------+
         Total |   2428 |   2328 |    100 |    118 |   1057 |   5 |  485.6 |
       Dungeon |   2428 |   2328 |    100 |    118 |   1057 |   5 |  485.6 |
               +--------+--------+--------+--------+--------+-----+--------+

Top non-repeatable levels by time:
     D:1: 772 daAuts
     D:4: 670 daAuts
     D:2: 419 daAuts
     D:3: 362 daAuts
     D:5: 203 daAuts
